Unix xNetHack Version 7.1.0 - last build Dec 11 2022 15:18:36 (91bc4d2507b4b34ac92889b06d50a936f6bde808). Game began 2023-01-04 00:48:24, ended 2023-01-04 01:11:06. UristMcRaven, chaotic female elven Wizard ---- |..| --- |..----- -->--- --......-- |....| ----- |..----..-------....| --...----|.----.-.....|-..--.| ..-....--.| |.<)--...|..-|--- |*.......|--.)......)...| --...-.----.....--......| - --.....| |..............--- |..........| --.....|.........| | -...|....| ----.---.--.....-- ....---...| --- ---|.--...-- ..... ---..-| |.--^...| ---(.......@- |......-- --........h. ---...-- --........... |...| |.........--- --..-- ---.|.--..| |...| ----- --- --.-- --- UristMcRaven the Conjurer St:11 Dx:10 Co:15 In:19 Wi:11 Ch:12 Chaotic Dlvl:4 $:34 HP:0(36) Pw:61(67) AC:6 Xp:5/302 T:3765 Hungry Latest messages: (For instructions type a '?') You stab the goblin. You are beginning to feel hungry. You miss the goblin. The goblin hits! You miss the goblin. Your leather studded armor blocks the goblin's attack. You kill the goblin! There is a goblin corpse here; eat it? [ynq] (n) This goblin corpse tastes okay. You no longer feel hungry. You finish eating the goblin corpse. e - a stone skull cap {26}. Where do you want to travel to? (For instructions type a '?') You descend the stairs. Where do you want to travel to? (For instructions type a '?') You are beginning to feel hungry. Where do you want to travel to? (For instructions type a '?') You descend the stairs. In what direction? The spell misses the dwarf. The dwarf wields a broad short sword! The dwarf's hard hat deflects your attack. You miss the dwarf. You miss the dwarf. The dwarf thrusts her broad short sword. The dwarf just misses! The dwarf's hard hat blocks your attack. You miss the dwarf. You miss the dwarf. You hit the dwarf. You miss the dwarf. The dwarf thrusts her broad short sword. The dwarf hits you! You recoil from the touch of iron! You miss the dwarf. The dwarf thrusts her broad short sword. The dwarf gores you! You recoil from the touch of iron! In what direction? The spell hits the dwarf! The dwarf thrusts her broad short sword. The dwarf pierces you! You recoil from the touch of iron! You die... Do you want your possessions identified? [ynq] (y) Do you want to see your attributes? [ynq] (y) Major events: Turn 1: UristMcRaven the chaotic female elven Wizard entered the dungeon 618: entered the Gnomish Mines 731: attained the rank of Conjurer (level 3) 2730: reached Mine Town 3765: killed by a dwarf Inventory: Inventory: 504/700 weight (25/52 slots) Coins ('$') $ - 34 gold pieces {1} Weapons (')') q - an uncursed +4 orcish dagger named Dudley's Dagger {10} C - 11 blessed +1 darts {11} L - an uncursed +0 elven dagger (weapon in hand) {10} Q - 7 uncursed +0 darts {7} R - 5 uncursed +0 daggers {50} Armor ('[') b - an uncursed +0 cloak of magic resistance (being worn) {8} e - an uncursed +0 stone orcish helm {26} h - an uncursed +0 leather studded armor (being worn) {150} j - an uncursed +0 wooden orcish helm (being worn) {9} Comestibles ('%') a - an uncursed cram ration {15} w - 5 uncursed food rations {100} H - an uncursed apple {2} I - 2 uncursed bananas {4} J - an uncursed melon {5} V - 2 uncursed tripe rations {20} Scrolls ('?') p - 2 cursed scrolls of water {10} r - a cursed scroll of teleportation {5} u - an uncursed scroll of identify {5} A - a blessed scroll of create monster {5} N - an uncursed scroll of food detection {5} Wands ('/') c - an uncursed wand of magic missile (0:4) {7} g - an uncursed wand of lightning (0:7) {7} Tools ('(') t - an uncursed harp {30} O - an uncursed blindfold {2} X - an uncursed wooden skeleton key {1} UristMcRaven the Wizard's attributes: Background: You were a Conjurer, a level 5 female elven Wizard. You were chaotic, on a mission for Anhur who was opposed by Ptah (lawful) and Thoth (neutral). You were heterosexual. You were in the Gnomish Mines, on level 4. You entered the dungeon 3765 turns ago. It was nighttime. You had 302 experience points, 18 more were needed to attain level 6. Basics: You had 0 out of 36 hit points. You had 61 out of 67 energy points (spell power). Your armor class was 6. Your wallet contained 34 zorkmids. Autopickup was on for '$"=/!?+' plus thrown, with exceptions. Final Characteristics: Your strength was 11 (limit:18). Your dexterity was 10 (peak:11, limit:18). Your constitution was 15 (limit:16). Your intelligence was 19 (limit:20). Your wisdom was 11 (limit:20). Your charisma was 12 (limit:18). Final Status: You were hungry. You were unencumbered. You were wielding a dagger. You were unskilled in dagger. Final Attributes: You were piously aligned. You were magic-protected. You were sleep resistant. You had infravision. You were warded. You were harmed by iron. You are dead. Miscellaneous: You disabled loading of bones levels. Total elapsed playing time was 22 minutes and 42 seconds. Vanquished creatures: 2 gnome leaders 4 dwarves a wererat an iguana an acid blob a coyote 3 hobbits a hobgoblin a brown mold 16 gnomes 3 garter snakes 3 geckos 5 jackals 4 goblins a sewer rat 4 grid bugs 2 bats a lichen a kobold zombie 10 newts 65 creatures vanquished. No species were genocided or became extinct. Voluntary challenges: You read items or engraved 3 times. You never genocided any monsters. You never polymorphed an object. You never changed form. You never touched an artifact. You used no wishes. You never owned a pet. You never scared an enemy with impunity. You were celibate. You never generated conflict. Achievements: You entered the Gnomish Mines. You attained the rank of Conjurer. You entered a shop. You entered Minetown. The Dungeons of Doom: levels 1 to 4 Level 1: A fountain, a sink, a grave. Level 2: A fountain, a sink. Stairs down to The Gnomish Mines. Level 3: A general store, a fountain. Level 4: An altar to Anhur. The Gnomish Mines: levels 3 to 5 Level 3: Level 4: <- You were here. Final resting place for you, killed by a dwarf. Level 5: Game over: __________ / \ / REST \ / IN \ / PEACE \ / \ | UristMcRaven | | 34 Au | | killed by a | | dwarf | | | | | | 2023 | *| * * * | * _________)/\\_//(\/(/\)/\//\/|_)_______ Goodbye UristMcRaven the Wizard... You died in The Gnomish Mines on dungeon level 4 with 1439 points, and 34 pieces of gold, after 3765 moves. You were level 5 with a maximum of 36 hit points when you died.